 Dungeon Crawl Stone Soup version 0.17.1-3-g152610e (webtiles) character file.

32106 Heliophagus the Conjurer (level 13, 73/76 HPs)
             Began as a Gargoyle Earth Elementalist on Mar 29, 2016.
             Was an Elder of Sif Muna.
             Quit the game on level 12 of the Dungeon on Apr 3, 2016.
             The game lasted 07:15:06 (31249 turns).

Heliophagus the Conjurer (GrEE)                    Turns: 31249, Time: 07:15:06

Health: 73/76      AC: 33    Str: 12    XL:     13   Next: 62%
Magic:  2/23       EV: 11    Int: 24    God:    Sif Muna [****..]
Gold:   283        SH:  9    Dex: 10    Spells: 4 memorised, 12 levels left

rFire  + . .     SeeInvis .     F - +1 mace (protect)
rCold  + . .     Clarity  +     z - +2 ring mail {rC+}
rNeg   + . .     SustAt   .     L - +0 shield
rPois  ∞         Gourm    .     B - +0 helmet {Int+3}
rElec  +         Spirit   .     u - +0 cloak {+Inv}
rCorr  .         Warding  .     E - +0 pair of gloves {archery}
rMut   .         Stasis   .     C - +1 pair of boots {Stlth+}
MR     .....                    m - amulet of clarity
Stlth  +++.......               y - ring of wizardry
                                G - ring of protection from fire

@: stone skin, not resistant to hostile enchantments, fairly stealthy
A: talons 1, mutation resistance 1, negative energy resistance 1, electricity
resistance, unbreathing, petrification resistance, rot immunity, AC +9
a: Channel Energy, Forget Spell, Renounce Religion, Evoke Invisibility


You were on level 12 of the Dungeon.
You worshipped Sif Muna.
Sif Muna was greatly pleased with you.
You were hungry.

You visited 3 branches of the dungeon, and saw 18 of its levels.

You collected 859 gold pieces.
You spent 576 gold pieces at shops.

Inventory:

Hand Weapons
 F - a +1 mace of protection (weapon)
Armour
 f - a +2 ring mail of fire resistance
 u - a +0 cloak of invisibility (worn)
 z - a +2 ring mail of cold resistance (worn)
 B - a +0 helmet of intelligence (worn)
 C - a +1 pair of boots of stealth (worn)
 E - a +0 pair of gloves of archery (worn)
 L - a +0 shield (worn)
Magical Staves
 i - an uncursed staff of energy
Jewellery
 m - an amulet of clarity (around neck)
 w - an uncursed amulet of stasis
 y - a ring of wizardry (right hand)
 G - a ring of protection from fire (left hand)
Wands
 a - a wand of cold (3)
 H - a wand of cold (8)
 K - a wand of teleportation (1)
 Q - a wand of digging (14)
 S - a wand of digging (14)
Scrolls
 b - a scroll of magic mapping
 e - a scroll of silence
 h - 4 scrolls of teleportation
 l - 3 scrolls of enchant armour
 n - 2 scrolls of amnesia
 p - a scroll of recharging
 q - 3 scrolls of blinking
 r - 4 scrolls of identify
 t - 5 scrolls of remove curse
 J - 4 scrolls of fear
Potions
 k - 3 potions of brilliance
 o - 4 potions of cancellation
 s - 4 potions of curing
 v - 3 potions of flight
 x - a potion of ambrosia
 I - a potion of lignification
 P - a potion of invisibility
Books
 c - a book of Geomancy

   Spells                             Type                      Level
   a - Sandblast                      Earth                        1
   b - Stoneskin                      Transmutation/Earth          2
   c - Passwall                       Transmutation/Earth          3
   d - Stone Arrow                    Conjuration/Earth            3
   e - Petrify                        Transmutation/Earth          4
   f - Lee's Rapid Deconstruction     Earth                        5
 g - a book of Conjurations

   Spells                             Type                      Level
   a - Magic Dart                     Conjuration                  1
   b - Searing Ray                    Conjuration                  2
   c - Dazzling Spray                 Conjuration/Hexes            3
   d - Fulminant Prism                Conjuration/Hexes            4
   e - Iskenderun's Mystic Blast      Conjuration                  4
   f - Iskenderun's Battlesphere      Conjuration/Charms           5
Comestibles
 d - 4 bread rations
 j - 6 meat rations
 A - 2 royal jellies
 D - 6 beef jerkies
 N - 4 fruits


   Skills:
 - Level 7.0 Fighting
 - Level 7.0 Maces & Flails
 - Level 7.0 Armour
 - Level 7.0 Dodging
 + Level 6.5 Stealth
 - Level 7.0 Shields
 - Level 7.0 Spellcasting
 - Level 7.0 Conjurations
 - Level 7.0 Transmutations
 - Level 7.0 Earth Magic
 + Level 6.2 Invocations
 + Level 6.1 Evocations


You had 12 spell levels left.
You knew the following spells:

 Your Spells              Type           Power        Failure   Level  Hunger
a - Petrify               Trmt/Erth      #####...     10%         4    ###....
b - Stone Arrow           Conj/Erth      #####.       4%          3    None
c - Stoneskin             Trmt/Erth      #####...     1%          2    None
d - Lee's Rapid Deconstr  Erth           #####.....   38%         5    #####..


Dungeon Overview and Level Annotations

Branches:
Dungeon (12/15)            Temple (1/1) D:6            Lair (5/8) D:11
  Snake (0/4) Lair:5          Orc (0/4) D:9
  Swamp: Lair:3-6    Shoals: Lair:3-6

Altars:
Ashenzari
Cheibriados
Dithmenos
Elyvilon
Fedhas
Gozag
Kikubaaqudgha
Makhleb
Nemelex Xobeh
Okawaru
Qazlal
Ru
Sif Muna
Trog
Vehumet
Xom
Yredelemnul
Zin
The Shining One

Shops:
D:6 [%(!:   D:9 *   D:12 [

Annotations:
Lair:5 Glider's ghost, journeyman OpMo


Innate Abilities, Weirdness & Mutations

You are resistant to torment.
Your stone body is resilient (AC +9).
You are immune to poison.
You resist negative energy.
You are resistant to electric shocks.
You can survive without breathing.
You are immune to petrification.
You are immune to rotting.
You have sharp toenails.
You are somewhat resistant to further mutation.


Message History

Press: ? - help, Shift-Dir - straight line, f/p - giant frog
Aim: a giant frog The stone arrow hits the giant frog.
The giant frog is almost dead.
The giant frog hits you. The giant frog closely misses you.
Casting: Stone Arrow
Confirm with . or Enter, or press ? or * to list all spells.
Aiming: Stone Arrow
Press: ? - help, Shift-Dir - straight line, f/p - giant frog
Aim: a giant frog (almost dead)
The stone arrow hits the giant frog.
You kill the giant frog!
Casting: Stone Arrow
Confirm with . or Enter, or press ? or * to list all spells.
Okay, then.
Save game and exit?
Welcome back, Heliophagus the Gargoyle Earth Elementalist.
Sif Muna whispers: I know many secrets...
Press ? for a list of commands and other information.
Are you sure you want to abandon this character and quit the game? (Confirm with "yes".)

#### #......#.#
...## #......#.#
....#####......#.#
.....##........#.#
....###.∩......#.#
...####........#.#
.###...........#.#
.....##........#.#
#########......#@#
########Y# #Y# #Y#
.Y[ ..... #..^...
#..##### #.#


You could see 4 yaks.

Vanquished Creatures
  A hydra (Lair:1)
  Erica (D:11)
  Urug (Lair:1)
  Sonja (D:11)
  6 hill giants
  A necromancer (D:11)
  An oklob plant (Lair:3)
  5 black mambas
  A centaur skeleton (D:11)
  6 spiny frogs
  4 komodo dragons
  Grinder (D:5)
  5 blink frogs (Lair:4)
  2 two-headed ogres (D:10)
  5 slime creatures
  24 yaks
  A shadow (D:11)
  8 hippogriffs
  2 deep elf magi
  A hungry ghost (D:12)
  13 wolves
  A soldier ant (D:7)
  4 nagas (Lair:5)
  An ice beast (D:8)
  8 water moccasins
  5 phantoms
  2 wasps
  4 orc warriors
  2 black bears
  4 sky beasts
  11 ogres
  6 porcupines
  3 eyes of draining
  3 centaurs
  3 necrophages
  9 crocodiles
  A big kobold (D:7)
  17 giant frogs
  A gnoll sergeant (D:5)
  A wyvern skeleton (D:8)
  5 scorpions
  A troll zombie (D:9)
  15 killer bees
  2 electric eels
  6 crimson imps
  A giant frog zombie (D:11)
  5 jellies
  8 hounds
  8 orc priests
  7 orc wizards
  A centaur zombie (D:9)
  5 giant frog skeletons
  14 worker ants
  A yak simulacrum (D:11)
  9 iguanas
  2 polar bear simulacra (D:11)
  24 sheep
  7 ogre zombies (D:9)
  4 wolf simulacra (D:11)
  2 hound zombies
  A hound skeleton (D:9)
  7 adders
  A worker ant zombie (D:10)
  16 gnolls
  68 river rats
  5 shadow imps
  3 adder skeletons
  A worm (D:3)
  2 giant geckos
  50 orcs
  2 ball pythons
  20 bats
  4 goblins
  10 hobgoblins
  19 jackals
  17 kobolds
  4 quokkas
  8 giant cockroaches
  9 giant newts
  A goblin skeleton (D:9)
  A goblin zombie (D:9)
  2 hobgoblin skeletons (D:9)
  A hobgoblin zombie (D:9)
  A jackal skeleton (D:4)
  3 orc skeletons (D:9)
  17 orc zombies (D:9)
  12 rats
  4 river rat simulacra (D:11)
  A butterfly (D:7)
593 creatures vanquished.

Vanquished Creatures (others)
  A deep elf mage (D:9)
  45 fungi
  38 plants (D:11)
84 creatures vanquished.

Grand Total: 677 creatures vanquished

Notes
Turn   | Place    | Note
--------------------------------------------------------------
     0 | D:1      | Heliophagus the Gargoyle Earth Elementalist began the quest for the Orb.
     0 | D:1      | Reached XP level 1. HP: 10/10 MP: 3/3
   437 | D:1      | Reached XP level 2. HP: 10/15 MP: 3/5
  1290 | D:1      | Reached XP level 3. HP: 13/19 MP: 6/6
  1806 | D:1      | Reached skill level 4 in Earth Magic
  2153 | D:2      | Reached XP level 4. HP: 24/24 MP: 4/8
  3083 | D:3      | Reached XP level 5. HP: 23/28 MP: 9/9
  3150 | D:3      | Reached skill level 1 in Maces & Flails
  3570 | D:3      | Reached skill level 1 in Fighting
  3570 | D:3      | Reached skill level 1 in Armour
  4488 | D:4      | Learned a level 3 spell: Stone Arrow
  4491 | D:4      | Learned a level 2 spell: Stoneskin
  4530 | D:4      | Noticed an ogre
  4558 | D:4      | Killed an ogre
  4558 | D:4      | Reached XP level 6. HP: 35/35 MP: 6/10
  4603 | D:4      | Found a basalt altar of Yredelemnul.
  5241 | D:4      | Reached skill level 1 in Conjurations
  5378 | D:4      | Reached XP level 7. HP: 31/40 MP: 2/11
  5718 | D:5      | Entered Level 5 of the Dungeon
  5721 | D:5      | Reached skill level 1 in Transmutations
  6034 | D:5      | Found a bloodstained altar of Trog.
  6539 | D:5      | Reached XP level 8. HP: 37/46 MP: 13/13
  6555 | D:5      | Reached skill level 1 in Shields
  6693 | D:5      | Noticed Grinder
  6694 | D:5      | Paralysed by Grinder for 7 turns
  6716 | D:5      | Killed Grinder
  6716 | D:5      | Reached skill level 5 in Conjurations
  7144 | D:5      | Reached skill level 6 in Conjurations
  7566 | D:6      | Found Niwolyf's Book Boutique.
  7652 | D:6      | Found Lathron's Distillery.
  7686 | D:6      | Found a staircase to the Ecumenical Temple.
  7689 | D:6      | Found Fuih's Weapon Shoppe.
  7725 | D:6      | Found a sacrificial altar of Ru.
  7766 | D:6      | Found Tenavvok's Antique Armour Shoppe.
  7768 | Temple   | Entered the Ecumenical Temple
  7785 | Temple   | Became a worshipper of Sif Muna the Loreminder
  7875 | D:6      | Bought a shiny helmet for 135 gold pieces
  7875 | D:6      | Bought a pair of embroidered boots for 135 gold pieces
  8144 | D:6      | Found Ippa's Food Shoppe.
  8146 | D:6      | Reached skill level 5 in Earth Magic
  8146 | D:6      | Reached XP level 9. HP: 50/50 MP: 8/15
  8403 | D:6      | Found a stormy altar of Qazlal.
  8452 | D:6      | Reached * piety under Sif Muna
  8621 | D:6      | Found a sparkling altar of Nemelex Xobeh.
  8808 | D:7      | Found a runed door.
  8825 | D:7      | Found a runed door.
  8865 | D:7      | Reached skill level 5 in Spellcasting
  9011 | D:7      | Found a burning altar of Makhleb.
  9012 | D:7      | Found a shimmering altar of Xom.
  9418 | D:7      | Reached skill level 7 in Conjurations
  9654 | D:7      | Reached ** piety under Sif Muna
 10527 | D:7      | Reached skill level 1 in Evocations
 10527 | D:7      | Reached XP level 10. HP: 54/56 MP: 1/19
 10544 | D:7      | Reached skill level 1 in Invocations
 12069 | D:6      | Bought a glowing cloak for 135 gold pieces
 12101 | D:6      | Learned a level 4 spell: Petrify
 12107 | D:6      | Learned a level 5 spell: Lee's Rapid Deconstruction
 12164 | D:9      | Gained mutation: You have sharp toenails. [potion of mutation]
 12164 | D:9      | Gained mutation: You are somewhat resistant to further mutation. [potion of mutation]
 12647 | D:9      | Reached skill level 5 in Invocations
 13036 | D:9      | Reached skill level 5 in Evocations
 13209 | D:9      | Found a staircase to the Orcish Mines.
 13232 | D:9      | Reached skill level 5 in Shields
 14035 | D:9      | Reached XP level 11. HP: 57/60 MP: 12/21
 14064 | D:9      | Reached skill level 5 in Stealth
 14278 | D:9      | Found Zin's Purification Station.
 14283 | D:9      | Found a glowing silver altar of Zin.
 14768 | D:10     | Entered Level 10 of the Dungeon
 14915 | D:10     | Noticed a hill giant
 14929 | D:10     | Killed a hill giant
 15368 | D:10     | Noticed a hill giant
 15376 | D:10     | Noticed a hill giant
 15378 | D:10     | Killed a hill giant
 15389 | D:10     | Killed a hill giant
 16176 | D:10     | Noticed a hill giant
 16183 | D:10     | Killed a hill giant
 16322 | D:10     | Reached skill level 5 in Armour
 16516 | D:11     | Noticed Sonja
 16516 | D:11     | Noticed a hill giant
 16527 | D:10     | Killed a hill giant
 16527 | D:10     | Reached skill level 5 in Dodging
 16753 | D:11     | Killed Sonja
 16905 | D:11     | Noticed Erica
 16936 | D:11     | Killed Erica
 17554 | D:11     | Reached skill level 5 in Fighting
 17631 | D:11     | Reached skill level 5 in Maces & Flails
 17761 | D:11     | Reached XP level 12. HP: 57/68 MP: 0/22
 17766 | D:11     | Noticed a hill giant
 18320 | D:11     | Killed a hill giant
 18674 | D:11     | Found a staircase to the Lair.
 19074 | D:11     | Noticed a necromancer
 19077 | D:11     | Killed a necromancer
 19769 | Lair:1   | Entered Level 1 of the Lair of Beasts
 20968 | Lair:1   | Noticed Urug
 20982 | Lair:1   | Killed Urug
 21322 | Lair:1   | Noticed an eight-headed hydra
 21338 | Lair:1   | Killed an eight-headed hydra
 23770 | Lair:2   | Reached *** piety under Sif Muna
 24073 | Lair:2   | Reached XP level 13. HP: 76/76 MP: 10/23
 24262 | Lair:3   | Reached skill level 5 in Transmutations
 24383 | Lair:3   | Found a basalt altar of Yredelemnul.
 25739 | Lair:3   | Reached **** piety under Sif Muna
 28043 | Lair:5   | Found a staircase to the Snake Pit.
 28487 | Lair:5   | Noticed Glider's ghost (journeyman OpMo)
 30888 | D:12     | Found Ficubed's Antique Armour Shop.
 30897 | D:12     | Bought a pair of runed gloves for 171 gold pieces
 31249 | D:12     | Quit the game

Action                   |  1- 3 |  4- 6 |  7- 9 | 10-12 | 13-15 || total
-------------------------+-------+-------+-------+-------+-------++-------
Melee: Unarmed           |    22 |       |       |       |       ||    22
       Club              |   137 |       |       |       |       ||   137
       Short sword       |    30 |       |       |       |       ||    30
       Great sword       |       |   116 |       |       |       ||   116
       Mace              |       |   127 |    27 |   817 |   360 ||  1331
       Flail             |       |    57 |       |   190 |    74 ||   321
       Morningstar       |       |       |   302 |    53 |       ||   355
 Cast: Sandblast         |    24 |    48 |       |       |       ||    72
       Stone Arrow       |       |     2 |    97 |   424 |   235 ||   758
       Stoneskin         |       |       |     6 |    64 |    29 ||    99
       Petrify           |       |       |       |       |     1 ||     1
Evoke: Wand              |       |       |       |       |     2 ||     2
  Use: Potion            |       |     5 |     3 |     3 |     6 ||    17
       Scroll            |       |    12 |     5 |     3 |     4 ||    24
 Stab: Sleeping          |       |       |     2 |     7 |     2 ||    11
  Eat: Chunk             |     5 |    11 |    18 |    32 |     8 ||    74
       Bread ration      |       |       |     1 |     4 |     3 ||     8
